 Dungeon Crawl Stone Soup version 0.27.0-1-g7a089689b8 (webtiles) character file.

Game seed: 9817642587778118929

89 H0rd4k the Caller (level 4, -2/30 HPs)
             Began as a Barachi Summoner on Aug 6, 2021.
             Slain by an ogre (32 damage)
             ... on level 4 of the Dungeon.
             The game lasted 00:07:41 (4830 turns).

H0rd4k the Caller (Barachi Summoner)                Turns: 4830, Time: 00:07:41

Health: -2/30      AC:  2    Str:  9    XL:     4   Next: 55%
Magic:  6/9        EV: 12    Int: 16    God:
Gold:   126        SH:  0    Dex: 13    Spells: 5/9 levels left

rFire    . . .     SeeInvis .   (no weapon)
rCold    . . .     Faith    .   (no shield)
rNeg     . . .     Spirit   .   a - +0 robe
rPois    .         Reflect  .   (no helmet)
rElec    .         Harm     .   (no cloak)
rCorr    .         Rampage  .   (no gloves)
Will     .....                  (no boots)
Stlth    ++........             (no amulet)
HPRegen  0.10/turn              (no ring)
MPRegen  0.11/turn              (no ring)

@: slow
A: amphibious, slowness 1, strong legs 1, +LOS
a: Hop


You were on level 4 of the Dungeon.
You visited 1 branch of the dungeon, and saw 4 of its levels.

You collected 126 gold pieces.

Inventory:

Armour
 a - a +0 robe (worn)
Scrolls
 d - 5 scrolls of identify {unknown}
 e - a scroll of acquirement {unknown}
 j - a scroll of amnesia {unknown}
 k - 2 scrolls of enchant weapon {unknown}
 m - 2 scrolls of magic mapping {unknown}
Potions
 b - a potion of might {unknown}
 c - 2 potions of heal wounds {unknown}
 f - a potion of ambrosia {unknown}
 g - a potion of berserk rage {unknown}
 h - a potion of resistance {unknown}
 i - 2 potions of cancellation {unknown}
 l - a potion of magic {unknown}
 n - a potion of curing {unknown}


   Skills:
 + Level 2.3 Dodging
 - Level 1.7 Stealth
 * Level 3.4 Spellcasting
 * Level 6.1 Summonings


You had 5 spell levels left.
You knew the following spells:

 Your Spells              Type           Power      Damage    Failure   Level
a - Summon Small Mammal   Summ           88%        N/A       1%          1
b - Call Canine Familiar  Summ           22%        N/A       4%          3

Your spell library contained the following spells:

 Spells                   Type           Power      Damage    Failure   Level
 Call Imp                 Summ           22%        N/A       2%          2
 Summon Guardian Golem    Hex/Summ       12%        N/A       16%         3
 Corpse Rot               Necr/Air       N/A        N/A       26%         2
 Poisonous Vapours        Pois/Air       4%         N/A       26%         2
 Summon Lightning Spire   Summ/Air       12%        N/A       45%         4
 Freezing Cloud           Conj/Ice/Air   1%         6-21      99%         5
 Orb of Destruction       Conj           1%         N/A       100%        7
 Spellforged Servitor     Conj/Summ      6%         N/A       100%        7


Dungeon Overview and Level Annotations

Branches:
Dungeon (4/15)
 Temple: D:4-7

Altars:
Makhleb
Uskayaw
Yredelemnul

Annotations:
D:3 2 runed translucent doors, exclusions: 2 doors, downstairs and orc, floatboth's ghost, amateur OpFE


Innate Abilities, Weirdness & Mutations

You are amphibious.
You cover ground slowly.
You can hop short distances.
You have an extended range of vision and can be seen from far away.


Message History

Your hound bites the hound skeleton.
The hound skeleton is destroyed!
Magic restored.
HP restored.
n - a ruby potion An orc comes into view.
It is wielding a +0 short sword.
An orc is nearby!
Casting: Call Canine Familiar (dangerous; 4% risk of failure)
Confirm with . or Enter, or press ? or * to list all spells.
The orc shouts!
Your hound disappears in a puff of smoke!
Unknown command.
What are your orders? t - Croak!
Orders for allies: a - Attack new target. r - Retreat! s - Stop attacking. g - Guard the area. f - Follow me.
Anything else - Cancel.
Guard this area!
Something completely misses your hound.
Your hound bites the orc.
Your hound bites the orc.
The orc dies!
Things that are here:
a +0 short sword; an orc corpse An ogre comes into view.
It is wielding a +0 giant spiked club.
The ogre shouts!
An ogre is nearby!
An ogre is nearby!
Your quokka bites the ogre.
What are your orders? t - Croak!
Orders for allies: a - Attack new target. r - Retreat! s - Stop attacking. g - Guard the area. f - Follow me.
Anything else - Cancel.
Guard this area!
Your quokka bites the ogre.
The ogre hits you with a +0 giant spiked club!!
Ouch! That really hurt!
You die...

#............# #.##.....##
#########..#####.####....#
#.........##.# #....#
#.####.##.##.# #....#
#.##.##.# #....####
#..#.##.# ###.#.... ##.#.#
####+#.### #r#.# #......#
. #.@.# #......# . ##rO#
#......#.. #.r..
#......#.. ......#
#......... ......#
#......### .......#
#......... .......#
#......### ........#
#......... ........#
##..≈≈≈≈≈≈


You could see an ogre (ally target), 2 friendly quokkas and a friendly rat
(summoned, wandering).

Vanquished Creatures (collateral kills)
  A centaur zombie (D:4)
  A hound skeleton (D:4)
  2 adders
  4 worms (D:2)
  A dart slug (D:2)
  5 orcs
  5 ball pythons
  6 bats
  An endoplasm (D:3)
  3 giant cockroaches
  13 hobgoblins
  7 jackals
  7 kobolds
  2 quokkas (D:1)
  A frilled lizard (D:1)
  9 goblins
  4 rats
72 creatures vanquished.

Notes
Turn   | Place    | Note
-------+----------+-------------------------------------------
     0 | D:1      | H0rd4k the Barachi Summoner began the quest for the Orb.
     0 | D:1      | Reached XP level 1. HP: 13/13 MP: 3/3
   144 | D:1      | Reached skill level 5 in Summonings
   438 | D:1      | Reached XP level 2. HP: 19/19 MP: 0/5
   733 | D:1      | Found a faded altar of an unknown god.
  1595 | D:2      | Reached XP level 3. HP: 23/24 MP: 1/7
  1599 | D:2      | Learned a level 3 spell: Call Canine Familiar
  2095 | D:3      | Found a basalt altar of Yredelemnul.
  2881 | D:3      | Found a large runed translucent door.
  2881 | D:3      | Found a large runed translucent door.
  2881 | D:3      | Noticed floatboth's ghost (amateur OpFE)
  2956 | D:3      | Found a hide-covered altar of Uskayaw.
  3180 | D:2      | Found a hide-covered altar of Uskayaw.
  3746 | D:2      | Reached XP level 4. HP: 20/30 MP: 8/8
  4249 | D:4      | Reached skill level 6 in Summonings
  4440 | D:4      | Noticed an ice beast
  4669 | D:4      | Found a burning altar of Makhleb.
  4825 | D:4      | Noticed an ogre
  4830 | D:4      | Slain by an ogre

Illustrated notes

Levels and vault maps discovered:
D:1:      minmay_arrival_semitransparent, layout_basic,
          ebering_ecumenical_altar_hall, kennysheep_doodads
D:2:      cheibrodos_greedy_goblins, layout_rooms, basic_altar
D:3:      layout_basic, eat_drink_and_be_merry_uskayaw, lemuel_tele_altar,
          ebering_ghost_disaster_area
D:4:      layout_basic, mainiacjoe_overflow_brackets, serial_shops, shop,
          minmay_misc_feat_tower

Skill      XL: |  1  2  3  4 |
---------------+-------------+-----
Summonings     | 5 6 |  6.1
Spellcasting   | 3 |  3.4
Dodging        | |  2.3
Stealth        | |  1.7

Action                   |  1- 3 |  4- 6 || total
-------------------------+-------+-------++-------
Melee: Unarmed           |     1 |       ||     1
 Cast: Summon Small Mamm |   144 |     3 ||   147
       Call Canine Famil |     3 |    16 ||    19
 Abil: Hop               |       |     1 ||     1
Armor: Robe              |    29 |     2 ||    31
Dodge: Dodged            |    63 |    12 ||    75
